 Dungeon Crawl Stone Soup version 0.20.1-1-g8b1a95d (webtiles) character file.

35117 Jawreze the Slinger (level 14, -5/90 HPs)
             Began as a Halfling Hunter on Aug 29, 2017.
             Was the Champion of Makhleb.
             Slain by an entropy weaver (10 damage)
             ... on level 5 of the Lair of Beasts.
             The game lasted 00:47:45 (19456 turns).

Jawreze the Slinger (Halfling Hunter)              Turns: 19456, Time: 00:47:45

Health: -5/90      AC: 10    Str: 16    XL:     14   Next: 16%
Magic:  4/4        EV: 22    Int:  9    God:    Makhleb [******]
Gold:   712        SH:  0    Dex: 20    Spells: 13/13 levels left

rFire    . . .     SeeInvis .   q - +6 rapier of Fixation {antimagic, rElec rN+ Str+3}
rCold    . . .     Gourm    .   (shield restricted)
rNeg     + . .     Faith    .   M - +2 ring mail {MR+}
rPois    +         Spirit   .   (no helmet)
rElec    +         Reflect  .   S - +0 cloak
rCorr    .         Harm     .   g - +1 pair of gloves
MR       ++...                  G - +0 pair of boots
Stlth    ++++......             O - amulet of rage
Regen    0.3/turn               k - +4 ring of slaying
MPRegen  0.1/turn               l - ring of poison resistance

@: corroded
A: mutation resistance 1
a: Minor Destruction, Lesser Servant of Makhleb, Major Destruction, Greater
Servant of Makhleb, Renounce Religion, Evoke Berserk Rage


You were on level 5 of the Lair of Beasts.
You worshipped Makhleb.
Makhleb was exalted by your worship.
You were not hungry.

You visited 3 branches of the dungeon, and saw 17 of its levels.

You collected 1069 gold pieces.
You spent 357 gold pieces at shops.

Inventory:

Hand Weapons
 a - a +1 hunting sling
 q - the +6 rapier of Fixation (weapon) {antimagic, rElec rN+ Str+3}
   (You found it on level 11 of the Dungeon)

   It reduces the magical energy of the wielder, and disrupts the spells and
   magical abilities of those hit.
   Natural abilities and divine invocations are not affected.
   It affects your strength (+3).
   It insulates you from electricity.
   It protects you from negative energy.
 w - a +0 fustibalus
 z - a +2 dagger of venom
Missiles
 d - 10 sling bullets
 s - 186 stones (quivered)
 W - a throwing net
Armour
 g - a +1 pair of gloves (worn)
 G - a +0 pair of boots (worn)
 M - a +2 ring mail of magic resistance (worn)
 S - a +0 cloak (worn)
Jewellery
 k - a +4 ring of slaying (left hand)
 l - a ring of poison resistance (right hand)
 J - an uncursed ring of resist corrosion
 O - an amulet of rage (around neck)
 Y - an uncursed ring of protection from fire
Wands
 c - a wand of iceblast (15/15)
 I - a wand of random effects (19/48)
 Q - a wand of disintegration (18/24)
 U - a wand of random effects (29/48)
Scrolls
 e - 12 scrolls of identify
 j - 6 scrolls of teleportation
 n - 4 scrolls of recharging
 o - a scroll of enchant weapon {unknown}
 C - a scroll of brand weapon {unknown}
 K - 4 scrolls of fear
 P - 2 scrolls of remove curse
 X - a scroll of blinking
Potions
 b - 2 potions of agility {unknown}
 h - a potion of magic {unknown}
 i - 3 potions of haste
 m - 2 potions of experience {unknown}
 p - 7 potions of heal wounds
 r - 4 potions of mutation
 u - 4 potions of lignification {unknown}
 x - 4 potions of curing {unknown}
 D - 3 potions of degeneration {unknown}
 F - 2 potions of brilliance {unknown}
 L - 4 potions of flight
 N - 2 potions of resistance {unknown}
 R - a potion of invisibility {unknown}
Books
 t - a book of Changes

   Spells                             Type                      Level
   a - Beastly Appendage              Transmutation                1
   b - Sticks to Snakes               Transmutation                2
   c - Spider Form                    Transmutation/Poison         3
   d - Ice Form                       Ice/Transmutation            4
   e - Blade Hands                    Transmutation                5
 v - a book of Battle

   Spells                             Type                      Level
   a - Infusion                       Charms                       1
   b - Shroud of Golubria             Charms/Translocation         2
   c - Song of Slaying                Charms                       2
   d - Spectral Weapon                Hexes/Charms                 3
   e - Regeneration                   Charms/Necromancy            3
 y - a book of Beasts

   Spells                             Type                      Level
   a - Summon Butterflies             Summoning                    1
   b - Call Canine Familiar           Summoning                    3
   c - Summon Ice Beast               Ice/Summoning                4
   d - Summon Mana Viper              Hexes/Summoning              5
   e - Summon Hydra                   Summoning                    7
 T - a book of Maledictions

   Spells                             Type                      Level
   a - Corona                         Hexes                        1
   b - Ensorcelled Hibernation        Hexes/Ice                    2
   c - Confuse                        Hexes                        3
   d - Tukima's Dance                 Hexes                        3
   e - Dazzling Spray                 Conjuration/Hexes            3
 V - a book of Conjurations

   Spells                             Type                      Level
   a - Magic Dart                     Conjuration                  1
   b - Searing Ray                    Conjuration                  2
   c - Dazzling Spray                 Conjuration/Hexes            3
   d - Fulminant Prism                Conjuration/Hexes            4
   e - Force Lance                    Conjuration/Translocation    4
   f - Iskenderun's Mystic Blast      Conjuration                  4
 Z - a book of Transfigurations

   Spells                             Type                      Level
   a - Irradiate                      Conjuration/Transmutation    5
   b - Statue Form                    Transmutation/Earth          6
   c - Hydra Form                     Transmutation                6
   d - Dragon Form                    Transmutation                7
Comestibles
 f - 8 bread rations
 A - 8 meat rations
 B - 31 fruits
 E - 10 royal jellies
 H - 5 chunks of flesh


   Skills:
 * Level 6.8 Fighting
 + Level 13.4 Short Blades
 - Level 14.7 Slings
 + Level 10.5 Armour
 + Level 11.0 Dodging
 + Level 10.3 Stealth


You had 13 spell levels left.
You didn't know any spells.

Dungeon Overview and Level Annotations

Branches:
Dungeon (11/15)            Temple (1/1) D:4            Lair (5/6) D:8
 Shoals (0/4) Lair:3        Snake (0/4) Lair:4          Orc (0/2) D:10
  Slime: Lair:5-6

Altars:
Ashenzari
Cheibriados
Dithmenos
Elyvilon
Fedhas
Gozag
Kikubaaqudgha
Makhleb
Okawaru
Qazlal
Ru
Sif Muna
Trog
Uskayaw
Vehumet
Xom
Yredelemnul
Zin
The Shining One
Beogh

Shops:
D:5 [   D:6 %   D:8 }


Innate Abilities, Weirdness & Mutations

You are small and have problems with some larger weapons.
You are somewhat resistant to further mutation.


Message History

The entropy weaver is almost dead.
You hit the entropy weaver but do no damage.
The entropy weaver is almost dead.
The entropy weaver barely misses you. The entropy weaver hits you.
The entropy weaver hits you! The entropy weaver hits you.
You hit the entropy weaver but do no damage.
The entropy weaver is almost dead.
The entropy weaver hits you! The entropy weaver hits you.
The entropy weaver completely misses you.
The entropy weaver hits you!
You closely miss the entropy weaver.
The entropy weaver is almost dead.
The entropy weaver hits you!
* * * LOW HITPOINT WARNING * * *
The entropy weaver hits you.
* * * LOW HITPOINT WARNING * * *
The entropy weaver hits you!
* * * LOW HITPOINT WARNING * * *
The entropy weaver hits you!
You die...

####### ########## **#,,,,,,,**
##..P.## ##.#.#P#..###..,,,,,,,*,
.......###...............,,>,,*,,
.......'......P..#.P#..P.,,,,,,,*
.......#...............P.,,,,,*,,
.......P....P............,,,,,***
..#PP...................*,,,***
#....###.####.#.###..###,*,**
#.#..#.##.#..###@#.#..#,**,,*
.#....#..##.#,,##a#,#.****,,*
.....#.....#,,,,#aa#,,* **,***
......##...,,,,,..##,,* *,,*,***
.....#....**,*,.###,,,****,,,,,,*
......###.,*,,aa,,,*,,,*,,,,,,,,,
.....#.#,,,,,a.,,,**,,,,,,,,,,,,,
......#.#*,,aaa,*,**,,,,,,,,,,,,*
.....#...#,.a#,,,,**,**,*,,,,,,,,


You could see an entropy weaver, a soldier ant and a worker ant.

Vanquished Creatures
  4 hydras
  4 two-headed ogres
  6 black mambas
  3 elephants (Lair:4)
  3 molten gargoyles (Lair:3)
  7 spiny frogs
  2 rime drakes
  7 komodo dragons
  A polar bear (Lair:3)
  A snapping turtle (Lair:3)
  8 dream sheep
  9 hippogriffs
  10 blink frogs
  A wyvern (Lair:3)
  2 fire elementals (Lair:3)
  A spriggan (Lair:2)
  2 fire bats (Lair:3)
  A basilisk (Lair:2)
  40 yaks
  9 nagas (Lair:4)
  3 soldier ants
  6 water moccasins
  The ghost of Amon001 the Ruffian, an amateur VSFi (D:3)
  Duvessa (D:4)
  8 porcupines
  5 orc warriors
  An ice beast (D:9)
  An eye of draining (D:11)
  2 sky beasts
  A black bear (D:11)
  A necrophage (D:5)
  3 ogres
  3 wolves (Lair:4)
  4 big kobolds (D:8)
  2 centaurs
  8 crocodiles
  19 bullfrogs
  A wyvern zombie (D:10)
  2 gnoll sergeants
  Dowan (D:4)
  3 scorpions
  6 wights
  5 crimson imps
  4 howler monkeys
  A centaur zombie (D:10)
  2 lava snakes (Lair:3)
  2 bullfrog zombies
  8 orc priests
  8 hounds
  A quasit (D:8)
  2 jellies
  2 iguanas
  3 bullfrog skeletons
  Ijyb (D:5)
  13 orc wizards
  19 worker ants
  A hound zombie (D:8)
  A hound skeleton (D:5)
  A howler monkey zombie (D:9)
  13 gnolls
  15 adders
  3 shadow imps
  3 adder skeletons
  3 worms
  4 dart slugs
  5 leopard geckos
  34 orcs
  10 bats
  7 giant cockroaches
  6 goblins
  3 hobgoblins
  17 jackals
  9 kobolds
  6 quokkas
  A ball python (D:1)
  6 frilled lizards
  A leopard gecko skeleton (D:5)
  3 rats
  A fire vortex (Lair:3)
427 creatures vanquished.

Vanquished Creatures (others)
  3 fungi
  5 plants
8 creatures vanquished.

Grand Total: 435 creatures vanquished

Notes
Turn   | Place    | Note
-------+----------+-------------------------------------------
     0 | D:1      | Jawreze the Halfling Hunter began the quest for the Orb.
     0 | D:1      | Reached XP level 1. HP: 14/14 MP: 1/1
    82 | D:1      | Reached skill level 6 in Slings
    82 | D:1      | Reached XP level 2. HP: 19/19 MP: 2/2
   328 | D:1      | Reached XP level 3. HP: 24/24 MP: 3/3
   781 | D:1      | Reached skill level 7 in Slings
  1177 | D:2      | Reached XP level 4. HP: 27/29 MP: 4/4
  1546 | D:2      | Reached skill level 8 in Slings
  1997 | D:3      | Reached XP level 5. HP: 34/34 MP: 5/5
  2126 | D:3      | Noticed Amon001's ghost (amateur VSFi)
  2279 | D:3      | Found a stormy altar of Qazlal.
  2453 | D:3      | Killed Amon001's ghost
  2453 | D:3      | Reached skill level 9 in Slings
  2453 | D:3      | Reached XP level 6. HP: 28/39 MP: 6/6
  2493 | D:3      | Found an ancient bone altar of Kikubaaqudgha.
  2778 | D:4      | Reached skill level 10 in Slings
  3054 | D:4      | Noticed Duvessa
  3058 | D:4      | Noticed Dowan
  3070 | D:4      | Killed Duvessa
  3070 | D:4      | Reached skill level 1 in Armour
  3070 | D:4      | Reached XP level 7. HP: 40/44 MP: 5/7
  3092 | D:4      | Killed Dowan
  3792 | D:4      | Found a staircase to the Ecumenical Temple.
  3858 | Temple   | Entered the Ecumenical Temple
  4018 | Temple   | Became a worshipper of Makhleb the Destroyer
  4308 | D:5      | Entered Level 5 of the Dungeon
  4334 | D:5      | Reached skill level 11 in Slings
  4334 | D:5      | Reached XP level 8. HP: 48/49 MP: 8/8
  5046 | D:5      | Reached skill level 5 in Dodging
  5127 | D:5      | Found Zihe's Armour Emporium.
  5135 | D:5      | Bought a +1 ring mail of magic resistance for 208 gold pieces
  5208 | D:5      | Noticed Ijyb
  5230 | D:5      | Killed Ijyb
  5230 | D:5      | Reached skill level 1 in Short Blades
  5406 | D:5      | Reached * piety under Makhleb
  6021 | D:6      | Found a sacrificial altar of Ru.
  6181 | D:6      | Reached XP level 9. HP: 54/54 MP: 9/9
  6208 | D:6      | Found Fehy's Food Shop.
  6219 | D:6      | Reached skill level 12 in Slings
  6219 | D:6      | Reached skill level 5 in Armour
  6853 | D:7      | Reached skill level 5 in Short Blades
  6869 | D:7      | Reached ** piety under Makhleb
  6909 | D:7      | Noticed a dagger
  6909 | D:7      | Noticed a dagger
  6913 | D:7      | Found a hide-covered altar of Uskayaw.
  7740 | D:7      | Noticed a hippogriff
  7756 | D:7      | Killed a hippogriff
  7969 | D:8      | Reached XP level 10. HP: 60/60 MP: 10/10
  8038 | D:8      | Found a stormy altar of Qazlal.
  8038 | D:8      | Found a shimmering altar of Xom.
  8070 | D:8      | Found Neimnat's Quality Used Wands.
  8296 | D:8      | Reached skill level 13 in Slings
  8449 | D:8      | Noticed a two-headed hydra
  8469 | D:8      | Killed a two-headed hydra
  8535 | D:8      | Noticed a two-headed ogre
  8556 | D:8      | Killed a two-headed ogre
  8599 | D:8      | Reached *** piety under Makhleb
  8638 | D:8      | Found a staircase to the Lair.
  8753 | D:8      | Reached skill level 5 in Stealth
  8753 | D:8      | Reached XP level 11. HP: 64/64 MP: 11/11
  9206 | D:9      | Noticed a two-headed ogre
  9221 | D:9      | Killed a two-headed ogre
  9389 | D:9      | Noticed a two-headed ogre
  9399 | D:9      | Killed a two-headed ogre
  9408 | D:9      | Reached skill level 10 in Short Blades
  9588 | D:9      | Noticed a two-headed ogre
  9607 | D:9      | Killed a two-headed ogre
 10140 | D:9      | Found a glowing silver altar of Zin.
 10642 | D:10     | Entered Level 10 of the Dungeon
 10993 | D:10     | Reached **** piety under Makhleb
 11521 | D:10     | Reached skill level 14 in Slings
 11642 | D:10     | Found a staircase to the Orcish Mines.
 11667 | D:10     | Found a roughly hewn altar of Beogh.
 11746 | D:10     | Found a shadowy altar of Dithmenos.
 12330 | D:11     | Got a crude rapier
 12331 | D:11     | Identified the +6 rapier of Fixation {antimagic, rElec rN+ Str+3} (You found it on level 11 of the Dungeon)
 12631 | D:11     | Reached ***** piety under Makhleb
 12937 | Lair:1   | Entered Level 1 of the Lair of Beasts
 13271 | D:8      | Reached XP level 12. HP: 59/70 MP: 7/12
 15192 | Lair:2   | Noticed a six-headed hydra
 15197 | Lair:2   | Killed a six-headed hydra
 15579 | Lair:2   | Reached XP level 13. HP: 78/78 MP: 13/13
 15606 | Lair:2   | Noticed a seven-headed hydra
 15618 | Lair:2   | Killed a seven-headed hydra
 15618 | Lair:2   | Reached skill level 10 in Dodging
 16515 | Lair:3   | Found a staircase to the Shoals.
 16636 | Lair:3   | Reached skill level 5 in Fighting
 17278 | Lair:4   | Reached skill level 10 in Armour
 17737 | Lair:4   | Found a staircase to the Snake Pit.
 18531 | D:5      | Bought a +1 pair of gloves for 149 gold pieces
 18958 | Lair:5   | Reached XP level 14. HP: 90/90 MP: 14/14
 19035 | Lair:5   | Reached ****** piety under Makhleb
 19035 | Lair:5   | Reached skill level 10 in Stealth
 19435 | Lair:5   | Noticed an entropy weaver
 19456 | Lair:5   | Slain by an entropy weaver

Skill      XL: |  1  2  3  4  5  6  7  8  9 10 11 12 13 14 |
---------------+-------------------------------------------+-----
Slings         | 6 7 8 9 10 11 12 13 14 | 14.7
Armour         | 1 3 4 6 7 8 9 10 | 10.5
Dodging        | 3 4 5 6 7 8 9 10 11 | 11.0
Short Blades   | 3 6 9 11 12 13 | 13.4
Stealth        | 2 5 6 8 9 10 | 10.3
Fighting       | 3 6 |  6.8

Action                   |  1- 3 |  4- 6 |  7- 9 | 10-12 | 13-15 || total
-------------------------+-------+-------+-------+-------+-------++-------
Melee: Dagger            |       |       |     3 |    10 |       ||    13
       Rapier            |       |       |       |    77 |   288 ||   365
 Fire: Hunting sling     |   100 |   159 |    88 |       |       ||   347
       Fustibalus        |       |       |   429 |   897 |   395 ||  1721
  Use: Scroll            |       |       |       |    26 |     5 ||    31
       Potion            |       |       |       |     3 |       ||     3
 Stab: Sleeping          |       |       |       |       |     1 ||     1
  Eat: Chunk             |       |     6 |    14 |    21 |    12 ||    53
       Fruit             |       |       |     1 |       |       ||     1
Armor: Leather armour    |     7 |     5 |     8 |       |       ||    20
       Ring mail         |       |       |    31 |    69 |    75 ||   175
Dodge: Dodged            |    16 |    23 |   123 |   294 |   272 ||   728
